 Dungeon Crawl Stone Soup version 0.30-a0-596-g0af90f9a20 (webtiles) character file.

Game seed: 16606470331398525584

196 Newt the Shooter (level 6, -1/38 HPs)
             Began as a Kobold Hunter on Jan 6, 2023.
             Slain by an iguana (3 damage)
             ... on level 4 of the Dungeon.
             The game lasted 00:02:44 (2830 turns).

Newt the Shooter (Kobold Hunter)                    Turns: 2830, Time: 00:02:45

Health: -1/38      AC:  4    Str: 14    XL:     6   Next: 4%
Magic:  6/6        EV: 15    Int: 11    God:
Gold:   96         SH:  0    Dex: 20    Spells: 5/5 levels left

rFire   . . .      SeeInvis .    a - +0 shortbow (elec)
rCold   . . .      Faith    .    (shield currently unavailable)
rNeg    . . .      Spirit   .    c - +0 leather armour
rPois   .          Reflect  .    (no helmet)
rElec   .          Harm     .    (no cloak)
rCorr   .          Rampage  .    g - +0 pair of gloves
Will    .....                    (no boots)
Stlth   +++                      i - amulet of magic regeneration
HPRegen 0.26/turn                j - ring of flight
MPRegen 0.50/turn                p - +6 ring of strength

@: flying
A: small, no large weapons, nightstalker 3
a: no special abilities


You were on level 4 of the Dungeon.
You visited 1 branch of the dungeon, and saw 4 of its levels.

You collected 134 gold pieces.
You spent 38 gold pieces at shops.

Inventory:

Hand Weapons
 a - a +0 shortbow of electrocution (weapon)
Armour
 c - a +0 leather armour (worn)
 g - a +0 pair of gloves (worn)
Jewellery
 i - an amulet of magic regeneration (around neck)
 j - a ring of flight (left hand)
 p - a +6 ring of strength (right hand)
Scrolls
 b - a scroll of immolation
 d - a scroll of noise
 f - a scroll of summoning {unknown}
 q - 3 scrolls of identify
 r - a scroll of vulnerability {unknown}
 s - a scroll of fog {unknown}
 t - a scroll of teleportation
 u - a scroll of amnesia {unknown}
Potions
 e - 2 potions of lignification
 h - a potion of mutation
 k - a potion of berserk rage {unknown}
 l - 2 potions of attraction
 m - a potion of curing
 n - a potion of cancellation
 o - 2 potions of might {unknown}


   Skills:
 - Level 4.0 Fighting
 + Level 7.5 Ranged Weapons
 - Level 2.4 Dodging
 - Level 3.0 Stealth


You had 5 spell levels left.
You didn't know any spells.
Your spell library was empty.

Dungeon Overview and Level Annotations

Branches:
Dungeon (4/15)
 Temple: D:4-7

Altars:
Nemelex Xobeh

Shops:
D:3 ((**=


Innate Abilities, Weirdness & Mutations

You are small and have problems with some larger weapons.
You are completely attuned to the shadows.


Message History

You kill the kobold!
The iguana closely misses you.
You shoot an arrow. The arrow hits the iguana!
The iguana is heavily wounded.
A ball python comes into view.
The iguana bites you but does no damage.
You shoot an arrow. The arrow hits the iguana.
The iguana is severely wounded.
The iguana bites you!
You shoot an arrow. The arrow barely misses the iguana.
The ball python barely misses you. The ball python grabs you.
The ball python constricts you. The iguana barely misses you.
You shoot an arrow.
The arrow hits the ball python but does no damage.
The ball python bites you. The ball python constricts you.
The iguana closely misses you. The ball python barely misses you.
The ball python constricts you.
You shoot an arrow.
The arrow barely misses the ball python.
The iguana bites you.
The ball python bites you but does no damage.
The ball python constricts you.
You shoot an arrow. The arrow hits the ball python!
You kill the ball python!
The iguana bites you but does no damage. x2
You shoot an arrow. The arrow hits the iguana.
The iguana is almost dead.
The iguana barely misses you.
You shoot an arrow. The arrow barely misses the iguana.
The iguana bites you!
You are too injured to fight recklessly!
You are too injured to fight recklessly!
You shoot an arrow. The arrow barely misses the iguana.
The iguana barely misses you.
You shoot an arrow. The arrow hits the iguana.
The iguana is almost dead.
The iguana bites you!
* * * LOW HITPOINT WARNING * * *
Okay, then.
You shoot an arrow. The arrow closely misses the iguana.
The iguana bites you.
You die...

+.......# . #.......#
######.######
##..##.##..##
##......#...
........#.. .
####+####.# ..
##...####.########...
......(.........@l...
##...................
##...##+#..#.##)#####
##...# ..######.#
#..... .. (.. ....


You could see an iguana.

Vanquished Creatures
  A scorpion (D:3)
  A hound (D:3)
  Jessica (D:2)
  A gnoll (D:1)
  2 dart slugs
  An orc (D:4)
  7 endoplasms
  5 giant cockroaches
  9 goblins
  6 hobgoblins
  A quokka (D:3)
  8 ball pythons
  6 bats
  2 frilled lizards
  4 kobolds
  7 rats
62 creatures vanquished.

Vanquished Creatures (others)
  A plant (D:1)
1 creature vanquished.

Grand Total: 63 creatures vanquished

Notes
Turn   | Place    | Note
-------+----------+-------------------------------------------
     0 | D:1      | Newt the Kobold Hunter began the quest for the Orb.
     0 | D:1      | Reached XP level 1. HP: 12/12 MP: 1/1
    38 | D:1      | Reached XP level 2. HP: 14/17 MP: 2/2
   328 | D:1      | Reached XP level 3. HP: 10/23 MP: 3/3
  1349 | D:2      | Reached XP level 4. HP: 29/29 MP: 4/4
  1508 | D:2      | Noticed Jessica
  1513 | D:2      | Killed Jessica
  2027 | D:3      | Reached skill level 6 in Ranged Weapons
  2027 | D:3      | Reached XP level 5. HP: 29/33 MP: 5/5
  2069 | D:3      | Found Wuesmeom's Antique Weapon Emporium.
  2099 | D:3      | Reached skill level 7 in Ranged Weapons
  2205 | D:3      | Found Vuotaxtud's Assorted Antiques.
  2214 | D:3      | Bought a scroll of identify for 38 gold pieces
  2276 | D:3      | Found Sacvenot's Jewellery Boutique.
  2439 | D:3      | Found a faded altar of an unknown god.
  2570 | D:3      | Found Wiebruva's Antique Weapon Boutique.
  2624 | D:3      | Found Offutarch's Assorted Antiques.
  2705 | D:3      | Reached XP level 6. HP: 38/38 MP: 6/6
  2737 | D:3      | Found a sparkling altar of Nemelex Xobeh.
  2830 | D:4      | Slain by an iguana

Illustrated notes

Levels and vault maps discovered:
D:1:      lemuel_arrival_hallway, layout_rooms, reono_crystal_passage,
          nicolae_grassy_gnolls
D:2:      layout_basic, uniq_jessica
D:3:      layout_basic, general_overflow_altar,
          nicolae_ecumenical_snake_handling, serial_shops,
          nicolae_shop_hallway_plus, nicolae_lakefront_shop, shop, shop, shop
D:4:      layout_gridville, dancing_weapons_uskayaw

Skill      XL: |  1  2  3  4  5 |
---------------+----------------+-----
Stealth        | 2 3 |  3.0
Fighting       | 3 4 |  4.0
Ranged Weapons | 6 7 |  7.5
Dodging        | |  2.4

Action                   |  1- 3 |  4- 6 || total
-------------------------+-------+-------++-------
 Fire: Shortbow          |    87 |    73 ||   160
  Use: Scroll            |     6 |     2 ||     8
       Potion            |     2 |       ||     2
Armor: Leather armour    |     4 |     9 ||    13
Dodge: Dodged            |    39 |    22 ||    61

Table legend: (Time is in decaauts)
 A = Elapsed time spent in this place.
 B = Non-inter-level travel time spent in this place.
 C = Inter-level travel time spent in this place.
 D = Time resting spent in this place.
 E = Time spent auto-exploring this place.
 F = Levels seen in this place.
 G = Mean time per level.
                   A        B        C        D        E       F      G
               +--------+--------+--------+--------+--------+-----+--------+
         Total |   2867 |   2815 |     52 |    738 |   1741 |   4 |  716.8 |
       Dungeon |   2867 |   2815 |     52 |    738 |   1741 |   4 |  716.8 |
               +--------+--------+--------+--------+--------+-----+--------+

Top non-repeatable levels by time:
     D:2: 1150 daAuts
     D:1: 874 daAuts
     D:3: 763 daAuts
     D:4: 80 daAuts
